 Dungeon Crawl Stone Soup version 0.22.1-1-ga44c0e56f4 (webtiles) character file.

515 Jynx the Changer (level 7, -2/51 HPs)
             Began as an Octopode Transmuter on Nov 6, 2018.
             Shot with an arrow by a centaur (3 damage)
             ... on level 5 of the Dungeon.
             The game lasted 00:08:55 (4875 turns).

Jynx the Changer (Octopode Transmuter)              Turns: 4875, Time: 00:08:55

Health: -2/51      AC:  6    Str: 11    XL:     7   Next: 20%
Magic:  12/12      EV: 10    Int: 18    God:
Gold:   230        SH:  0    Dex: 18    Spells: 2/12 levels left

rFire    . . .     SeeInvis .     - Unarmed
rCold    + + +     Gourm    .   (shield currently unavailable)
rNeg     . . .     Faith    .   (helmet currently unavailable)
rPois    +         Spirit   .   (no amulet)
rElec    .         Reflect  .   b - ring of flight
rCorr    .         Harm     .   t - ring of Zegosa {rF+ Str+2 Int+2 Dex+4}
MR       .....                  h - ring of wizardry
Stlth    ++........             (no ring)
HPRegen  0.17/turn              (no ring)
MPRegen  0.13/turn              (no ring)
                                (no ring)
                                (no ring)

@: ice-form
A: large, almost no armour, stealthy swim, amphibious, 8 rings, (constrict 8)
a: End Transformation, Evoke Flight


You were on level 5 of the Dungeon.
You were hungry.
You were a creature of crystalline ice.
You visited 1 branch of the dungeon, and saw 5 of its levels.

You collected 230 gold pieces.

Inventory:

Missiles
 a - 26 arrows
Jewellery
 b - a ring of flight (left front paw)
 h - a ring of wizardry (on tentacle)
 t - the ring of Zegosa (right front paw) {rF+ Str+2 Int+2 Dex+4}
   (You found it on level 4 of the Dungeon)

   [ring of intelligence]

   It affects your strength (+2).
   It affects your intelligence (+2).
   It affects your dexterity (+4).
   It protects you from fire.
Wands
 r - a wand of flame (16)
Scrolls
 d - 2 scrolls of teleportation
 g - 3 scrolls of remove curse
 i - a scroll of noise {unknown}
 j - a scroll of immolation {unknown}
 k - a scroll of identify
 p - a scroll of enchant weapon {unknown}
 q - 2 scrolls of fog {unknown}
Potions
 e - a potion of mutation {unknown}
 f - 2 potions of curing
 l - 2 potions of heal wounds
 m - a potion of haste {unknown}
 n - a potion of might {unknown}
 o - 3 potions of flight {unknown}
 u - 2 potions of lignification {unknown}
Comestibles
 c - 6 rations
 s - 2 chunks of flesh


   Skills:
 - Level 1.0 Fighting
 - Level 2.0 Dodging
 + Level 4.7 Unarmed Combat
 - Level 3.4 Spellcasting
 + Level 5.2 Transmutations
 + Level 2.0 Ice Magic


You had 2 spell levels left.
You knew the following spells:

 Your Spells              Type           Power        Failure   Level  Hunger
a - Beastly Appendage     Tmut           ###...       1%          1    None
b - Sticks to Snakes      Tmut           ###.....     1%          2    ##.....
c - Spider Form           Tmut/Pois      ##........   6%          3    ###....
d - Ice Form              Ice/Tmut       ###.....     14%         4    ####...

Your spell library contained the following spells:

 Spells                   Type           Power        Failure   Level  Hunger
 Animate Skeleton         Necr           N/A          6%          1    None
 Apportation              Tloc           #.....       6%          1    None
 Confusing Touch          Hex            #.....       6%          1    None
 Summon Small Mammal      Summ           #...         6%          1    None
 Blade Hands              Tmut           ###.......   21%         5    ######.


Dungeon Overview and Level Annotations

Branches:
Dungeon (5/15)
 Temple: D:4-7

Altars:
Cheibriados

Annotations:
D:2 1 runed door


Innate Abilities, Weirdness & Mutations

You cannot wear most types of armour.
You are very stealthy in the water. (Stealth+)
You are amphibious.
You can wear up to eight rings at the same time.
((You can use your tentacles to constrict eight enemies at once.))
((Your skin changes colour to match your surroundings (Stealth+).))
((Your rubbery body absorbs attacks. (AC +1, EV +1)))


Message History

The phantom blinks!
The phantom blinks!
The centaur shoots an arrow.
The arrow hits you.
The phantom blinks!
The phantom blinks!
The centaur shoots an arrow.
The arrow hits you!
You see here an arrow.
The centaur shoots an arrow.
The arrow hits you!
* * * LOW HITPOINT WARNING * * *
You see here an arrow.
The centaur shoots an arrow.
The arrow hits you.
* * * LOW HITPOINT WARNING * * *
You see here an arrow.
You are feeling hungry.
The centaur shouts!
You hear a shout!
The centaur shoots an arrow.
The arrow hits you.
* * * LOW HITPOINT WARNING * * *
The centaur shoots an arrow.
The arrow hits you but does no damage.
You see here 2 arrows.
The centaur shoots an arrow.
The arrow hits you.
You die...

....#..#(##########....####....#
.........cW.((........## ####.##
########.#####........# #..# #
#.#####c.(.....# ##.# #
##..##..........# ###..# #
##......#........######...## #
##..##W###........##.....###
#####..###o# #........#..#####
......## #.# ##.Y######.##
......####.####(## ##..#
#####...........#####..#######
######.###...............###
#.##..####..#######...#
#.##.#####.##### ###.# #
#.##.##........# #.# #
####.##.##.##.##..# #.#
#######..........##.##.## ###.#


You could see a centaur.

Vanquished Creatures
  A crimson imp (D:5)
  A hound (D:5)
  A bullfrog skeleton (D:5)
  2 centaur skeletons
  An iguana (D:5)
  3 worker ants
  An orc wizard (D:3)
  A hound skeleton (D:4)
  Robin (D:2)
  10 adders
  3 oozes (D:1)
  A dart slug (D:1)
  2 worms
  5 leopard geckos
  5 orcs
  5 bats
  11 giant cockroaches
  20 goblins
  8 hobgoblins
  7 jackals
  6 kobolds
  2 quokkas
  7 frilled lizards
  A jackal skeleton (D:5)
  A quokka skeleton (D:4)
  4 rats
110 creatures vanquished.

Vanquished Creatures (collateral kills)
  A giant cockroach (D:1)
  A rat (D:1)
2 creatures vanquished.

Grand Total: 112 creatures vanquished

Notes
Turn   | Place    | Note
-------+----------+-------------------------------------------
     0 | D:1      | Jynx the Octopode Transmuter began the quest for the Orb.
     0 | D:1      | Reached XP level 1. HP: 13/13 MP: 3/3
     1 | D:1      | Found a runed door.
   156 | D:1      | Reached XP level 2. HP: 18/18 MP: 5/5
   707 | D:1      | Reached XP level 3. HP: 23/23 MP: 6/6
   711 | D:1      | Learned a level 2 spell: Sticks to Snakes
   715 | D:1      | Learned a level 3 spell: Spider Form
   834 | D:1      | Reached skill level 3 in Transmutations
  1093 | D:2      | Reached XP level 4. HP: 27/28 MP: 5/7
  1583 | D:2      | Reached XP level 5. HP: 19/33 MP: 7/9
  1934 | D:2      | Noticed Robin
  1938 | D:2      | Killed Robin
  1938 | D:2      | Reached skill level 4 in Transmutations
  2649 | D:2      | Found a runed door.
  2872 | D:3      | Reached XP level 6. HP: 38/38 MP: 10/10
  2878 | D:3      | Learned a level 4 spell: Ice Form
  3670 | D:4      | Got a flickering pewter ring
  3702 | D:3      | Identified the ring of Zegosa {rF+ Str+2 Int+2 Dex+4} (You
                  | found it on level 4 of the Dungeon)
  3818 | D:4      | Reached skill level 1 in Ice Magic
  4038 | D:4      | Found a snail-covered altar of Cheibriados.
  4272 | D:5      | Entered Level 5 of the Dungeon
  4277 | D:5      | Reached skill level 5 in Transmutations
  4477 | D:5      | Reached XP level 7. HP: 43/43 MP: 7/12
  4874 | D:5      | HP: 1/51 [centaur/arrow (6)]
  4875 | D:5      | Shot with an arrow by a centaur

Skill      XL: |  1  2  3  4  5  6  7 |
---------------+----------------------+-----
Transmutations | 3 4 5 |  5.2
Spellcasting   | 3 |  3.4
Unarmed Combat | 4 |  4.7
Ice Magic      | 1 2 |  2.0
Fighting       | |  1.0
Dodging        | |  2.0

Action                   |  1- 3 |  4- 6 |  7- 9 || total
-------------------------+-------+-------+-------++-------
Melee: Unarmed           |    70 |   179 |    13 ||   262
       Constrict         |    16 |    43 |     3 ||    62
       Tentacles         |    12 |    17 |     3 ||    32
       Punch             |     2 |     3 |     1 ||     6
       Kick              |    10 |    26 |     4 ||    40
 Cast: Beastly Appendage |     6 |    27 |     4 ||    37
       Sticks to Snakes  |     2 |       |       ||     2
       Spider Form       |       |     4 |       ||     4
       Ice Form          |       |     4 |     1 ||     5
  Use: Scroll            |     2 |     4 |       ||     6
 Stab: Sleeping          |     5 |     6 |       ||    11
  Eat: Chunk             |     1 |    12 |     1 ||    14
Armor: Skin              |     3 |    14 |       ||    17
Dodge: Dodged            |    35 |   116 |     5 ||   156
